 Dungeon Crawl Stone Soup version 0.19-a0-503-g45a6586 (webtiles) character file.

4034 wvc the Slicer (level 10, -22/49 HPs)
             Began as a Vine Stalker Wanderer on June 5, 2016.
             Was an Elder of Okawaru.
             Annihilated by p0werm0de's ghost (25 damage)
             ... on level 8 of the Dungeon.
             The game lasted 00:15:14 (5473 turns).

wvc the Slicer (Vine Stalker Wanderer)              Turns: 5473, Time: 00:15:15

Health: -22/49     AC:  6    Str: 16    XL:     10   Next: 24%
Magic:  0/11       EV: 13    Int: 12    God:    Okawaru [****..]
Gold:   206        SH:  0    Dex: 16    Spells: 0 memorised, 9 levels left

rFire  . . .     SeeInvis +     x - +3 short sword (elec)
rCold  . . .     Gourm    .     S - +0 ring mail
rNeg   . . .     Faith    .     (no shield)
rPois  .         Spirit   +     M - +0 helmet
rElec  .         Dismiss  .     (no cloak)
rCorr  .         Reflect  .     (no gloves)
SustAt .         Harm     .     (no boots)
MR     +....                    w - amulet of regeneration
Stlth  ++........               D - ring of see invisible (curse)
                                y - +2 ring of evasion

@: somewhat resistant to hostile enchantments, unstealthy
A: fangs 3, regeneration 2, magic shield, antimagic bite, no device heal 3, rot
immunity
a: Heroism, Renounce Religion


You were on level 8 of the Dungeon.
You worshipped Okawaru.
Okawaru was greatly pleased with you.
You were not hungry.

You visited 1 branch of the dungeon, and saw 8 of its levels.

You collected 206 gold pieces.

Inventory:

Hand Weapons
 i - a +0 dagger of venom
 x - a +3 short sword of electrocution (weapon)
 A - a +0 rapier
 P - a +2 long sword of holy wrath
Missiles
 d - 2 javelins (quivered)
 t - 8 poisoned needles
 B - 6 curare-tipped needles
Armour
 L - the +1 robe of the Hart {rPois rCorr}
   (You found it on level 7 of the Dungeon)

   It protects you from poison.
   It protects you from acid and corrosion.
 M - a +0 helmet (worn)
 S - a +0 ring mail (worn)
Jewellery
 w - an amulet of regeneration (around neck)
 y - a +2 ring of evasion (left hand)
 D - a cursed ring of see invisible (right hand)
 Q - an uncursed ring of protection from cold
Wands
 h - a wand of digging (15/24)
 C - a wand of acid (7/15)
 E - a wand of slowing (17/48)
 I - a wand of confusion (18/48)
 J - a wand of lightning (8/15)
 K - a wand of enslavement (13/24)
Scrolls
 m - 2 scrolls of teleportation
 n - 3 scrolls of enchant weapon
 p - 2 scrolls of blinking
 q - 2 scrolls of remove curse
 s - 2 scrolls of immolation
 u - 2 scrolls of fear
 N - a scroll of enchant armour
Potions
 a - 5 potions of agility
 b - 4 potions of curing
 c - a potion of lignification
 e - a potion of resistance {unknown}
 g - 2 potions of cancellation
 j - 2 potions of flight
 k - a potion of mutation {unknown}
 l - a potion of cure mutation {unknown}
 r - 4 potions of might
 z - 2 potions of haste {unknown}
 F - 2 potions of brilliance
 G - 2 potions of degeneration {unknown}
 H - a potion of berserk rage {unknown}
 R - a potion of magic {unknown}
Comestibles
 f - 9 bread rations
 o - 6 meat rations


   Skills:
 - Level 3.6 Fighting
 * Level 12.4 Short Blades
   Level 1.0 Staves
   Level 1.7 Bows
 - Level 1.0 Throwing
 - Level 1.5 Armour
 - Level 1.0 Dodging
 - Level 2.4 Stealth


You had 9 spell levels left.
You didn't know any spells.

Dungeon Overview and Level Annotations

Branches:
Dungeon (8/15)             Temple (0/1) D:7            Lair (0/8) D:8

Altars:
Cheibriados
Fedhas
Hepliaklqana
Okawaru
Qazlal
Ru
Sif Muna
Trog
Xom
Zin
The Shining One

Annotations:
D:8 p0werm0de's ghost, novice TrAE


Innate Abilities, Weirdness & Mutations

You have razor-sharp teeth.
You heal very quickly.
When hurt, damage is shared between your health and your magic reserves.
Your bite disrupts and absorbs the magic of your enemies.
Potions and wands cannot restore your health.
You are immune to rotting.


Message History

You puncture p0werm0de's ghost! Your bite misses p0werm0de's ghost.
P0werm0de's ghost is severely damaged.
P0werm0de's ghost hits you!!
* * * LOW HITPOINT WARNING * * *
You hit p0werm0de's ghost.
You bite p0werm0de's ghost, but do no damage.
P0werm0de's ghost is severely damaged.
You closely miss p0werm0de's ghost. You bite p0werm0de's ghost!
You drain its power.
You feel invigorated.
P0werm0de's ghost is almost destroyed.
P0werm0de's ghost hits you!!
* * * LOW HITPOINT WARNING * * *
You hit p0werm0de's ghost. You bite p0werm0de's ghost. You drain its power.
You feel invigorated.
P0werm0de's ghost is almost destroyed.
You barely miss p0werm0de's ghost.
P0werm0de's ghost is almost destroyed.
P0werm0de's ghost hits you!!
Ouch! That really hurt!
You die...

###.....#.###..#
#.#
...........##..#
#.#
............(..##
#.#
..........####..#
#.# .......#.##
##.# #.#
.......#.# #.##
#.# .......'.#
#..# #.#
.......### ##.#
#.# .......#
#@###.# .......#
#W.##.# .......#
##.##)#
..#'#######
#>(#.########
###.......#####
##(#.........
#.............#
##'#.########
+.............#
#.(..#
#.............#
#....#
#.....(......[#
#....#


You could see p0werm0de's ghost.

Vanquished Creatures
  Joseph (D:8)
  Grinder (D:3)
  A spriggan (D:8)
  A hungry ghost (D:7)
  2 hell hounds (D:8)
  2 orc warriors
  2 sky beasts
  An ice beast (D:7)
  3 eyes of draining (D:4)
  3 ogres
  5 centaurs
  2 giant frogs
  Blork the orc (D:5)
  2 scorpions
  5 killer bees (D:8)
  3 crimson imps (D:7)
  2 centaur zombies
  3 hounds
  A jelly (D:6)
  3 giant frog skeletons
  An orc priest (D:7)
  3 iguanas
  9 worker ants
  5 orc wizards
  7 gnolls (D:7)
  10 adders
  3 shadow imps
  3 oozes
  3 worms
  2 dart slugs (D:2)
  3 giant geckos
  11 orcs
  8 giant cockroaches
  13 goblins
  7 hobgoblins
  8 jackals
  4 quokkas
  A ball python skeleton (D:5)
  4 bats
  A giant gecko skeleton (D:4)
  3 giant newts
  6 kobolds
  2 quokka skeletons
  4 rats
165 creatures vanquished.

Notes
Turn   | Place    | Note
--------------------------------------------------------------
     0 | D:1      | wvc the Vine Stalker Wanderer began the quest for the Orb.
     0 | D:1      | wvc set off with: a +2 scale mail, a potion of curing, a potion of lignification, a +0 club, a +0 dagger, a bread ration
     0 | D:1      | Reached XP level 1. HP: 10/10 MP: 2/2
    69 | D:1      | Reached skill level 1 in Short Blades
   141 | D:1      | Reached XP level 2. HP: 11/14 MP: 1/3
   343 | D:1      | Reached XP level 3. HP: 14/18 MP: 4/4
   609 | D:1      | Reached skill level 2 in Short Blades
   833 | D:2      | Reached XP level 4. HP: 17/23 MP: 5/5
  1436 | D:3      | Noticed Grinder
  1504 | D:3      | Paralysed by Grinder for 3 turns
  1592 | D:2      | Reached skill level 3 in Short Blades
  1592 | D:2      | Reached XP level 5. HP: 17/27 MP: 2/6
  1636 | D:3      | Paralysed by Grinder for 2 turns
  1640 | D:3      | Killed Grinder
  1640 | D:3      | Reached skill level 4 in Short Blades
  1640 | D:3      | Gained mutation: You heal very quickly. [Vine Stalker growth]
  1640 | D:3      | Reached XP level 6. HP: 14/32 MP: 2/7
  1916 | D:4      | Found an iron altar of Okawaru.
  1924 | D:4      | Became a worshipper of Warmaster Okawaru
  1982 | D:4      | Reached skill level 5 in Short Blades
  1982 | D:4      | Reached XP level 7. HP: 12/36 MP: 4/8
  2164 | D:4      | Found a glowing golden altar of the Shining One.
  2164 | D:4      | Found a snail-covered altar of Cheibriados.
  2286 | D:4      | Reached skill level 6 in Short Blades
  2292 | D:4      | Found a bloodstained altar of Trog.
  2377 | D:4      | Reached * piety under Okawaru
  2377 | D:4      | Reached skill level 7 in Short Blades
  2377 | D:4      | Gained mutation: You have razor-sharp teeth. [Vine Stalker growth]
  2377 | D:4      | Reached XP level 8. HP: 39/41 MP: 7/9
  2705 | D:5      | Entered Level 5 of the Dungeon
  2719 | D:5      | You fall through a shaft!
  2999 | D:5      | Found a hazy altar of Hepliaklqana.
  3010 | D:5      | Reached skill level 8 in Short Blades
  3273 | D:5      | Noticed Blork the orc
  3279 | D:5      | Killed Blork the orc
  3351 | D:5      | Reached ** piety under Okawaru
  3402 | D:5      | Reached skill level 9 in Short Blades
  3417 | D:5      | Found a glowing silver altar of Zin.
  3417 | D:5      | Noticed an angel
  3420 | D:5      | Found a shimmering altar of Xom.
  3596 | D:6      | Found a stormy altar of Qazlal.
  3599 | D:6      | Found a blossoming altar of Fedhas.
  3743 | D:6      | Reached XP level 9. HP: 25/44 MP: 5/10
  3815 | D:6      | Found a deep blue altar of Sif Muna.
  4150 | D:7      | Got a distressingly furry robe
  4161 | D:7      | Identified the +1 robe of the Hart {rPois rCorr} (You found it on level 7 of the Dungeon)
  4231 | D:7      | Reached skill level 10 in Short Blades
  4468 | D:7      | Found a sacrificial altar of Ru.
  4487 | D:7      | Found a staircase to the Ecumenical Temple.
  4626 | D:7      | Reached *** piety under Okawaru
  4901 | D:8      | Reached skill level 11 in Short Blades
  4939 | D:8      | Noticed Joseph
  4958 | D:8      | Killed Joseph
  5026 | D:8      | Reached XP level 10. HP: 44/49 MP: 11/11
  5047 | D:8      | Found a staircase to the Lair.
  5108 | D:8      | Reached skill level 12 in Short Blades
  5385 | D:8      | Reached **** piety under Okawaru
  5458 | D:8      | Noticed p0werm0de's ghost (novice TrAE)
  5471 | D:8      | HP: 2/49 [p0werm0de's ghost (8)]
  5473 | D:8      | Annihilated by p0werm0de's ghost

Vault maps used:
D:1:      dpeg_arrival_pits
D:3:      kennysheep_the_goblin_king, old_standard_altar, uniq_sigmund,
          uniq_grinder
D:4:      gammafunk_temple_overflow_pools, trog_eyes_of_draining,
          grunt_decor_arrowhead, amethyst_killhole, okawaru_ov_weapons_minmay
D:5:      grunt_temple_overflow_order_and_chaos_1, overflow_temple_1_default,
          gup_sewer_entry_glass, first_bread, uniq_blork_the_orc
D:6:      grunt_temple_overflow_forces_of_nature, led_sif_book
D:7:      nicolae_ru_awakened_eye, minmay_tree_intersection
D:8:      minmay_lair_entry_lava, the_bakery, uniq_joseph

Skill      XL: |  1  2  3  4  5  6  7  8  9 10 |
---------------+-------------------------------+-----
Short Blades   | 1 2 3 4 5 7 9 11 12 | 12.4
Fighting       | 2 3 |  3.6
Staves         | |  1.0
Bows           | |  1.7
Throwing       | |  1.0
Armour         | |  1.5
Dodging        | |  1.0
Stealth        | |  2.4

Action                   |  1- 3 |  4- 6 |  7- 9 | 10-12 || total
-------------------------+-------+-------+-------+-------++-------
Melee: Dagger            |   127 |    11 |       |       ||   138
       Bite              |    31 |    23 |    81 |    19 ||   154
       Short sword       |       |    82 |   293 |    58 ||   433
Throw: Javelin           |       |     1 |     1 |     3 ||     5
Evoke: Wand              |       |       |     3 |       ||     3
  Use: Scroll            |       |    10 |     7 |       ||    17
 Stab: Sleeping          |     3 |     3 |     6 |     1 ||    13
  Eat: Beef jerky        |       |     1 |     4 |       ||     5
       Chunk             |       |     2 |     1 |       ||     3
       Bread ration      |       |       |     1 |       ||     1
       Meat ration       |       |       |     1 |       ||     1
Armor: Scale mail        |    20 |       |       |       ||    20
       Leather armour    |    15 |    13 |    29 |       ||    57
       Ring mail         |       |       |       |     5 ||     5
Dodge: Dodged            |    69 |    36 |   134 |    15 ||   254
